 Dungeon Crawl Stone Soup version 0.23-a0-586-gacb4b3f (webtiles) character file.

18 lemonriz the Grave Robber (level 2, 0/19 HPs)
             Began as a Merfolk Necromancer on Dec 19, 2018.
             Slain by a rat (2 damage)
             ... on level 1 of the Dungeon.
             The game lasted 00:03:04 (863 turns).

lemonriz the Grave Robber (Merfolk Necromancer)      Turns: 863, Time: 00:03:05

Health: 0/19       AC:  2    Str:  8    XL:     2   Next: 66%
Magic:  2/5        EV: 13    Int: 14    God:
Gold:   12         SH:  0    Dex: 14    Spells: 3/5 levels left

rFire    . . .     SeeInvis .   (no weapon)
rCold    . . .     Gourm    .   (no shield)
rNeg     . . .     Faith    .   a - +0 robe
rPois    .         Spirit   .   (no helmet)
rElec    .         Reflect  .   (no cloak)
rCorr    .         Harm     .   (no gloves)
MR       .....                  (no boots)
Stlth    ++........             (no amulet)
HPRegen  0.06/turn              (no ring)
MPRegen  0.09/turn              (no ring)

@: very slightly contaminated
A: change form in water, swift swim, stealthy swim
a: no special abilities


You were on level 1 of the Dungeon.
You were not hungry.

You visited 1 branch of the dungeon, and saw 1 of its levels.

You collected 12 gold pieces.

Inventory:

Armour
 a - a +0 robe (worn)
Jewellery
 d - an uncursed amulet of guardian spirit {unknown}
Scrolls
 b - a scroll of enchant weapon {unknown}
 e - a scroll of teleportation {unknown}
 f - a scroll of fear {unknown}
Comestibles
 c - 3 rations


   Skills:
 * Level 3.3 Dodging
 - Level 2.1 Stealth
 + Level 2.2 Spellcasting
 * Level 3.5 Necromancy


You had 3 spell levels left.
You knew the following spells:

 Your Spells              Type           Power        Failure   Level  Hunger
a - Pain                  Necr           ##..         5%          1    #......
b - Animate Skeleton      Necr           N/A          5%          1    #......

Your spell library contained the following spells:

 Spells                   Type           Power        Failure   Level  Hunger
 Vampiric Draining        Necr           ##........   16%         3    ###....
 Regeneration             Chrm/Necr      #.........   34%         3    ###....
 Animate Dead             Necr           N/A          47%         4    #####..


Dungeon Overview and Level Annotations

Branches:
Dungeon (1/15)

Altars:


Message History

Confirm with . or Enter, or press ? or * to list all spells.
You don't have enough magic to cast that spell.
f - a scroll labeled VULIWE PUFRIFI You start resting.
A rat comes into view.
You swap places.
Casting: Pain (safe; 5% risk of failure)
Confirm with . or Enter, or press ? or * to list all spells.
Aiming: Pain (safe; 5% risk of failure)
Press: ? - help, Shift-Dir - straight line, f - rat
Aim: a rat (chance to defeat MR: 80%)
You miscast Pain.
You are very lightly contaminated with residual magic.
You sense a malignant aura.
The rat misses you.
You barely miss the rat. The rat bites you.
* * * LOW HITPOINT WARNING * * *
You hit the rat.
The rat is moderately wounded.
The rat bites you.
You die...

## .. .. .# ##. #.# ..... ..
#.#.# ###### #.# #.#.#
##P...# ... #.r.#
.P....##### ... ###@.####
.P...P##.. ####.# #..Z....#
..P.P##.. ......#
#Z#Z.##.######P.##..
.....($##.#)†##...........##
........).†.................
$...##########(...........##
. #..###...##### +..# #...#
#.####...###


You could see a rat and 3 friendly frilled lizard skeletons.

Vanquished Creatures
  A leopard gecko (D:1)
  A giant cockroach (D:1)
  A goblin (D:1)
  3 hobgoblins (D:1)
  A bat (D:1)
  6 frilled lizards (D:1)
  2 kobolds (D:1)
  A rat (D:1)
16 creatures vanquished.

Vanquished Creatures (collateral kills)
  3 frilled lizards (D:1)
3 creatures vanquished.

Grand Total: 19 creatures vanquished

Notes
Turn   | Place    | Note
-------+----------+-------------------------------------------
     0 | D:1      | lemonriz the Merfolk Necromancer began the quest for the
                  | Orb.
     0 | D:1      | Reached XP level 1. HP: 13/13 MP: 3/3
   347 | D:1      | Reached XP level 2. HP: 15/19 MP: 0/5
   350 | D:1      | Learned a level 1 spell: Animate Skeleton
   863 | D:1      | Slain by a rat

Vault maps used:
D:1:      dpeg_arrival_radiant, minmay_tree_intersection, minivault_25,
          minmay_lizard_king

Skill      XL: |  1 |
---------------+----+-----
Dodging        | 3 |  3.3
Stealth        | |  2.1
Spellcasting   | |  2.2
Necromancy     | |  3.5

Action                   || total
-------------------------++-------
Melee: Unarmed           ||    38
 Cast: Pain              ||    24
       Animate Skeleton  ||     7
Armor: Robe              ||     7
Dodge: Dodged            ||    48

Table legend:
 A = Non-vault XP
 B = Vault XP
 C = Vault XP percentage of total XP
 D = Non-vault monster count
 E = Vault monster count
 F = Vault count percentage of total count
                 A         B        C        D         E       F
            +---------+---------+-------+---------+---------+-------
      Total |      15 |      11 |  42.3 |      10 |       9 |  47.4
            +---------+---------+-------+---------+---------+-------
        D:1 |      15 |      11 |  42.3 |      10 |       9 |  47.4
            +---------+---------+-------+---------+---------+-------
